 Dungeon Crawl Stone Soup version 0.25-a0-413-g3b4b6a4ccc (webtiles) character file.

Game seed: 18128102231590247548, levelgen mode: deterministic

5284 MisterFreud the Slicer (level 10, -1/126 HPs)
             Began as a Gnoll Chaos Knight on Jan 14, 2020.
             Was a Plaything of Xom.
             Slain by a quasit (2 damage)
             ... summoned by Xom
             ... in a bailey.
             The game lasted 00:19:45 (8108 turns).

MisterFreud the Slicer (Gnoll Chaos Knight)         Turns: 8108, Time: 00:19:46

Health: -1/126     AC: 25    Str: 16      XL:     10   Next: 63%
Magic:  12/18      EV:  2    Int: 20 (21) God:    Xom [......]
Gold:   311        SH:  0    Dex: 18      Spells: 19/19 levels left

rFire    . . .     SeeInvis .   a - +3 short sword (vamp)
rCold    . . .     Gourm    .   (no shield)
rNeg     + + +     Faith    .   (armour currently unavailable)
rPois    +         Spirit   .   (helmet currently unavailable)
rElec    .         Reflect  .   (cloak currently unavailable)
rCorr    .         Harm     .   (gloves currently unavailable)
MR       .....     NoTele   +   (boots currently unavailable)
Stlth    +++.......             L - amulet of magic regeneration
HPRegen  0.31/turn              y - ring of positive energy
MPRegen  0.41/turn              s - ring of flight

@: tree-form
A: distributed training, rugged brown scales 1, agile 2, clever 1, strong 1,
MP-powered wands, strong nose
a: Renounce Religion


You were in a bailey.
You worshipped Xom.
You were a very special plaything of Xom.
You were hungry.
You were a tree.
You visited 1 branch of the dungeon, and saw 9 of its levels.
You also visited: Bailey.

You collected 311 gold pieces.

Inventory:

Hand Weapons
 a - a +3 vampiric short sword (weapon)
 b - a +2 hunting sling of flaming
 j - a +2 long sword of holy wrath
 n - a +4 short sword
 F - a +2 quarterstaff of chaos
 G - a +1 vampiric war axe
 K - a +4 morningstar
Missiles
 k - 369 stones (quivered)
 m - 148 arrows
 q - 14 bolts
 w - 34 poisoned darts
 C - 10 boomerangs
 H - a throwing net
 M - 15 sling bullets
Armour
 e - a +0 cloak (melded)
 f - a +1 plate armour (melded)
 i - a +2 pair of gloves (melded)
 B - a +2 leather armour
Jewellery
 o - a cursed amulet of the acrobat {unknown}
 s - a ring of flight (right branch)
 t - an uncursed ring of ice
 y - a ring of positive energy (left branch)
 L - an amulet of magic regeneration (around neck)
Wands
 r - a wand of disintegration (3)
 E - a wand of flame (40)
 N - a wand of digging (4)
Scrolls
 d - 7 scrolls of identify
 h - a scroll of enchant armour
 l - 9 scrolls of remove curse
Potions
 g - 3 potions of curing
 p - 2 potions of mutation
 v - a potion of flight
 x - a potion of ambrosia
 z - a potion of invisibility
 A - 2 potions of agility
 D - a potion of cancellation {unknown}
 I - a potion of heal wounds {unknown}
Comestibles
 c - 16 rations


   Skills:
 + Level 8.5 Fighting
 + Level 8.5 Short Blades
 + Level 5.3 Long Blades
 + Level 5.3 Axes
 + Level 5.3 Maces & Flails
 + Level 5.3 Polearms
 + Level 5.3 Staves
 + Level 5.3 Slings
 + Level 5.3 Bows
 + Level 5.3 Crossbows
 + Level 5.3 Throwing
 + Level 7.1 Armour
 + Level 6.0 Dodging
 + Level 5.3 Stealth
 + Level 5.3 Shields
 + Level 5.3 Unarmed Combat
 + Level 5.3 Spellcasting
 + Level 4.4 Conjurations
 + Level 4.4 Hexes
 + Level 4.4 Charms
 + Level 4.4 Summonings
 + Level 4.4 Necromancy
 + Level 4.4 Translocations
 + Level 4.4 Transmutations
 + Level 4.4 Fire Magic
 + Level 4.4 Ice Magic
 + Level 4.4 Air Magic
 + Level 4.4 Earth Magic
 + Level 4.4 Poison Magic
 + Level 5.9 Invocations
 + Level 5.3 Evocations


You had 19 spell levels left.
You didn't know any spells.
Your spell library contained the following spells:

 Spells                   Type           Power        Failure   Level  Hunger
 Animate Skeleton         Necr           N/A          1%          1    None
 Apportation              Tloc           ###...       1%          1    None
 Corona                   Hex            ###....      1%          1    None
 Summon Small Mammal      Summ           ###.         1%          1    None
 Poisonous Vapours        Pois/Air       ###...       2%          2    None
 Conjure Flame            Conj/Fire      ###.....     5%          3    ##.....
 Mephitic Cloud           Conj/Pois/Air  ###.....     5%          3    ##.....
 Freezing Cloud           Conj/Ice/Air   ###.......   95%         6    #######
 Ring of Flames           Chrm/Fire      ###.......   100%        7    #######


Dungeon Overview and Level Annotations

Branches:
Dungeon (9/15)             Temple (0/1) D:5            Lair (0/6) D:8
 Bailey (1/1)
    Orc: D:9-12

Altars:
Elyvilon
Fedhas
Gozag
Makhleb
Qazlal
Xom
Yredelemnul

Annotations:
D:5 1 runed translucent door
D:8 3 runed translucent doors, argonath's ghost, novice HOFi


Innate Abilities, Weirdness & Mutations

Your experience applies equally to all skills.
((You have very sharp teeth.))
Your uncanny sense of smell can sniff out nearby items.
((You have large cloven feet.))
((You have a pair of small horns on your head.))
(You are partially covered in rugged brown scales. (AC +1, +3% HP))
You are very agile. (Dex +4)
Your mind is acute. (Int +2)
((You are resistant to electric shocks. (rElec)))
Your muscles are strong. (Str +2)
You expend magic power (3 MP) to strengthen your wands.


Message History

You hit the chaos spawn.
The chaos spawn is severely wounded.
The red devil hits you from afar with a cursed -2 trident.
* * * LOW HITPOINT WARNING * * *
The quasit bites you but does no damage.
The quasit claws you.
* * * LOW HITPOINT WARNING * * *
The quasit claws you but does no damage.
You hit the chaos spawn but do no damage.
The chaos spawn is severely wounded.
The chaos spawn hits you!
* * * LOW HITPOINT WARNING * * *
The chaos spawn shocks you!
* * * LOW HITPOINT WARNING * * *
The shadow imp hits you but does no damage.
The quasit bites you but does no damage.
The quasit claws you but does no damage.
The quasit claws you.
You die...
Xom bursts into laughter!

♣...## ....#
♣....##....#
♣♣.....#....#
♣......'oK...
♣∩.∩...'.....
♣......'.....
♣♣..45o#...
♣.545## .
♣..♣## ♣≈≈##
♣≈≈# ♣≈≈#
♣≈≈# ♣≈≈# ♣≈≈
♣♣≈


You could see a chaos spawn, a red devil, an orc warrior, a quasit, a white imp,
a shadow imp, an orc and a kobold.

Vanquished Creatures
  Grinder (D:4)
  3 slime creatures (D:6)
  A hippogriff (D:9)
  Grum (D:8)
  A swamp worm (shapeshifter) (D:4)
  Edmund (D:5)
  Duvessa (D:4)
  3 orc warriors
  An ice beast (D:8)
  A sky beast (D:6)
  A black bear (D:8)
  A necrophage (D:6)
  2 ogres
  2 wolves (D:8)
  5 centaurs
  5 big kobolds
  A bullfrog (D:6)
  Dowan (D:4)
  A scorpion (D:7)
  A wyvern skeleton (D:7)
  6 killer bees (D:8)
  4 wights (D:8)
  5 howler monkeys
  3 centaur zombies
  A hound (D:7)
  6 jellies
  Crazy Yiuf (D:3)
  6 orc priests
  A bullfrog skeleton (D:7)
  8 orc wizards
  Jessica (D:3)
  Ijyb (D:3)
  Terence (D:2)
  2 iguanas
  5 worker ants
  A hound zombie (D:7)
  A hound skeleton (D:4)
  Robin (D:3)
  A gnoll (D:3)
  8 adders
  3 shadow imps
  5 oozes
  An adder skeleton (D:8)
  A worm (D:2)
  2 dart slugs (D:2)
  3 leopard geckos
  25 orcs
  6 bats
  6 giant cockroaches
  13 hobgoblins
  13 jackals
  5 quokkas
  A ball python (D:5)
  4 frilled lizards
  22 goblins
  20 kobolds
  2 leopard gecko skeletons
  11 rats
240 creatures vanquished.

Vanquished Creatures (others)
  An ooze (D:6)
  5 fungi
  8 toadstools (D:6)
14 creatures vanquished.

Grand Total: 254 creatures vanquished

Notes
Turn   | Place    | Note
-------+----------+-------------------------------------------
     0 | D:1      | MisterFreud the Gnoll Chaos Knight began the quest for the
                  | Orb.
     0 | D:1      | Reached XP level 1. HP: 23/23 MP: 1/1
   118 | D:1      | Reached XP level 2. HP: 29/29 MP: 2/2
   151 | D:1      | XOM: harmless Air miscast
   276 | D:1      | Reached XP level 3. HP: 34/35 MP: 3/3
   746 | D:1      | XOM: mild Erth miscast
   801 | D:2      | Reached skill level 1 in Invocations
   833 | D:2      | Noticed Terence
   836 | D:2      | XOM: harmless Tloc miscast
   859 | D:1      | XOM: cloud trail
   955 | D:2      | Killed Terence
   955 | D:2      | Reached skill level 1 in Long Blades
   955 | D:2      | Reached skill level 1 in Axes
   955 | D:2      | Reached skill level 1 in Maces & Flails
   955 | D:2      | Reached skill level 1 in Polearms
   955 | D:2      | Reached skill level 1 in Staves
   955 | D:2      | Reached skill level 1 in Slings
   955 | D:2      | Reached skill level 1 in Bows
   955 | D:2      | Reached skill level 1 in Crossbows
   955 | D:2      | Reached skill level 1 in Throwing
   955 | D:2      | Reached skill level 1 in Stealth
   955 | D:2      | Reached skill level 1 in Shields
   955 | D:2      | Reached skill level 1 in Unarmed Combat
   955 | D:2      | Reached skill level 1 in Spellcasting
   955 | D:2      | Reached skill level 1 in Evocations
   955 | D:2      | Reached XP level 4. HP: 39/41 MP: 5/5
  1066 | D:2      | Reached skill level 1 in Conjurations
  1066 | D:2      | Reached skill level 1 in Hexes
  1066 | D:2      | Reached skill level 1 in Charms
  1066 | D:2      | Reached skill level 1 in Summonings
  1066 | D:2      | Reached skill level 1 in Necromancy
  1066 | D:2      | Reached skill level 1 in Translocations
  1066 | D:2      | Reached skill level 1 in Transmutations
  1066 | D:2      | Reached skill level 1 in Fire Magic
  1066 | D:2      | Reached skill level 1 in Ice Magic
  1066 | D:2      | Reached skill level 1 in Air Magic
  1066 | D:2      | Reached skill level 1 in Earth Magic
  1066 | D:2      | Reached skill level 1 in Poison Magic
  1084 | D:2      | XOM: harmless Hex miscast
  1174 | D:2      | XOM: cast spell 'Alistair's Intoxication'
  1345 | D:2      | XOM: divination: magic mapping
  1348 | D:2      | Reached XP level 5. HP: 47/47 MP: 6/6
  1428 | D:2      | XOM: give mutations
  1428 | D:2      | Gained mutation: Your mind is acute. (Int +2) [Xom's grace]
  1428 | D:2      | Gained mutation: Your muscles are strong. (Str +2) [Xom's
                  | grace]
  1428 | D:2      | Gained mutation: You have a pair of small horns on your
                  | head. [Xom's grace]
  1622 | D:3      | Noticed Robin
  1635 | D:3      | XOM: polymorph goblin -> hobgoblin
  1654 | D:3      | XOM: potion effect (haste)
  1686 | D:3      | Killed Robin
  1739 | D:3      | Noticed Jessica
  1747 | D:3      | Killed Jessica
  2045 | D:3      | Reached XP level 6. HP: 53/53 MP: 8/8
  2168 | D:3      | Noticed Ijyb
  2194 | D:3      | Killed Ijyb
  2230 | D:3      | XOM: harmless Air miscast
  2477 | D:3      | Found a runed translucent door.
  2478 | D:3      | Noticed Crazy Yiuf
  2594 | D:3      | XOM: give mutations
  2594 | D:3      | Gained mutation: You are partially covered in rugged brown
                  | scales. (AC +1, +3% HP) [Xom's grace]
  2594 | D:3      | Gained mutation: You have large cloven feet. [Xom's grace]
  2594 | D:3      | Gained mutation: You expend magic power (3 MP) to
                  | strengthen your wands. [Xom's grace]
  2669 | D:3      | Paralysed by Crazy Yiuf for 7 turns
  2678 | D:3      | Killed Crazy Yiuf
  2723 | D:4      | Reached skill level 5 in Armour
  2757 | D:4      | Noticed Duvessa
  2757 | D:4      | Noticed Dowan
  2775 | D:4      | Killed Duvessa
  2787 | D:4      | Killed Dowan
  2787 | D:4      | Reached XP level 7. HP: 58/60 MP: 10/10
  2892 | D:4      | Noticed Grinder
  2893 | D:4      | XOM: enchant monster (good)
  2926 | D:4      | XOM: scenery: create altars
  2939 | D:4      | Killed Grinder
  2978 | D:4      | Noticed a glowing shapeshifter
  2978 | D:4      | an ooze changed into a glowing shapeshifter
  2978 | D:4      | XOM: polymorph ooze -> glowing shapeshifter
  2978 | D:4      | Noticed a wolf spider
  2978 | D:4      | a glowing shapeshifter changed into a wolf spider
  2979 | D:4      | XOM: smoke on damage
  2981 | D:4      | Noticed a satyr
  2981 | D:4      | a wolf spider changed into a satyr
  2991 | D:4      | Noticed a four-headed hydra
  2991 | D:4      | a satyr changed into a four-headed hydra
  2993 | D:4      | XOM: smoke on damage
  2995 | D:4      | XOM: 8-stop teleportation journey
  2997 | D:4      | Noticed a catoblepas
  2997 | D:4      | a four-headed hydra changed into a catoblepas
  3000 | D:4      | XOM: summons 3 friendly demons
  3004 | D:5      | Entered Level 5 of the Dungeon
  3257 | D:5      | Found a staircase to the Ecumenical Temple.
  3283 | D:5      | XOM: 1-stop teleportation journey
  3286 | D:5      | Noticed Edmund
  3297 | D:5      | Killed Edmund
  3330 | D:5      | Found a blossoming altar of Fedhas.
  3413 | D:5      | XOM: silly message
  3429 | D:5      | Found a stormy altar of Qazlal.
  3664 | D:4      | Reached XP level 8. HP: 65/69 MP: 12/12
  4040 | D:4      | XOM: give mutations
  4040 | D:4      | Gained mutation: You are resistant to electric shocks.
                  | (rElec) [Xom's grace]
  4040 | D:4      | Gained mutation: You are agile. (Dex +2) [Xom's grace]
  4040 | D:4      | Gained mutation: You are very agile. (Dex +4) [Xom's grace]
  4136 | D:4      | Noticed a cyclops
  4139 | D:4      | Noticed a moth of wrath
  4139 | D:4      | Noticed an eye of devastation
  4139 | D:4      | a moth of wrath changed into an eye of devastation
  4143 | D:4      | Noticed a torpor snail
  4143 | D:4      | an eye of devastation changed into a torpor snail
  4147 | D:4      | Noticed a moth of wrath
  4147 | D:4      | a torpor snail changed into a moth of wrath
  4148 | D:4      | Noticed a faun
  4148 | D:4      | a moth of wrath changed into a faun
  4151 | D:4      | Noticed a two-headed ogre
  4151 | D:4      | a faun changed into a two-headed ogre
  4153 | D:4      | Noticed a mana viper
  4153 | D:4      | a two-headed ogre changed into a mana viper
  4155 | D:4      | XOM: summons 2 friendly demons
  4155 | D:4      | a mana viper changed into a swamp worm
  4271 | D:5      | Found a white marble altar of Elyvilon.
  4272 | D:5      | Found a runed translucent door.
  4272 | D:5      | Noticed an angel
  4475 | D:5      | XOM: cloud trail
  4660 | D:5      | XOM: mild Fire miscast
  4708 | D:5      | Found an opulent altar of Gozag.
  4752 | D:6      | XOM: confuse monster(s)
  4850 | D:6      | Reached XP level 9. HP: 74/74 MP: 14/14
  4868 | D:6      | XOM: destruction
  5242 | D:6      | XOM: swap monsters
  5267 | D:6      | XOM: 2-stop teleportation journey
  5403 | D:6      | Found a burning altar of Makhleb.
  5568 | D:6      | XOM: summons 1 hostile demon
  5588 | D:6      | Reached skill level 5 in Dodging
  5675 | D:6      | XOM: cast spell 'Leda's Liquefaction'
  5800 | D:7      | XOM: divination: magic mapping
  5802 | D:7      | XOM: 4-stop teleportation journey
  6019 | D:7      | XOM: enchant monster (bad)
  6029 | D:7      | Reached skill level 5 in Invocations
  6410 | D:7      | Found a basalt altar of Yredelemnul.
  6426 | D:7      | XOM: god gift: 19 stones
  6484 | D:8      | Reached XP level 10. HP: 82/82 MP: 17/17
  6618 | D:8      | XOM: enchant monster (good)
  6624 | D:8      | XOM: polymorph wolf -> howler monkey
  6749 | D:8      | XOM: harmless Air miscast
  7039 | D:8      | Reached skill level 5 in Long Blades
  7039 | D:8      | Reached skill level 5 in Axes
  7039 | D:8      | Reached skill level 5 in Maces & Flails
  7039 | D:8      | Reached skill level 5 in Polearms
  7039 | D:8      | Reached skill level 5 in Staves
  7039 | D:8      | Reached skill level 5 in Slings
  7039 | D:8      | Reached skill level 5 in Bows
  7039 | D:8      | Reached skill level 5 in Crossbows
  7039 | D:8      | Reached skill level 5 in Throwing
  7039 | D:8      | Reached skill level 5 in Stealth
  7039 | D:8      | Reached skill level 5 in Shields
  7039 | D:8      | Reached skill level 5 in Unarmed Combat
  7039 | D:8      | Reached skill level 5 in Spellcasting
  7039 | D:8      | Reached skill level 5 in Evocations
  7118 | D:8      | XOM: harmless Ice miscast
  7258 | D:8      | Noticed Grum
  7303 | D:8      | Killed Grum
  7495 | D:8      | Found a staircase to the Lair.
  7605 | D:8      | Found a runed translucent gate.
  7605 | D:8      | Found a runed translucent gate.
  7605 | D:8      | Found a runed translucent gate.
  7605 | D:8      | Noticed argonath's ghost (novice HOFi)
  7635 | D:9      | XOM: cast spell 'Summon Small Mammal'
  7701 | D:8      | XOM: cloud trail
  7722 | D:9      | XOM: divination: detect creatures
  7801 | D:9      | XOM: divination: magic mapping
  7844 | D:9      | XOM: silly message
  8017 | D:9      | XOM: noise
  8031 | D:9      | XOM: mild Conj miscast
  8054 | D:9      | Found a flagged portal.
  8066 | Bailey   | Entered a bailey
  8083 | Bailey   | XOM: summons 5 hostile demons
  8093 | Bailey   | XOM: stat loss: -1 Int (20/21)
  8108 | Bailey   | HP: 1/126 [chaos spawn[Xom] (8)]
  8108 | Bailey   | Slain by a quasit

Levels and vault maps discovered:
D:1:      lightli_arrival_farm, layout_basic, minmay_bisected
D:2:      layout_loops_ring, uniq_terence
D:3:      layout_basic, uniq_robin, uniq_jessica, uniq_ijyb,
          uniq_crazy_yiuf_cottage
D:4:      layout_basic, first_ration, uniq_grinder, uniq_duvessa
D:5:      layout_basic, lemuel_coloured_pillars_altar, kennysheep_mini_moat,
          minmay_temple_entry_drinking_statues, basic_altar, minivault_23,
          hangedman_abyss_or_decor_passed, lemuel_angel_altar, uniq_edmund
D:6:      cheibrodos_fertilizer, layout_rooms, basic_altar
D:7:      layout_loops_ring, marbit_many_paths
D:8:      layout_gridville, dpeg_oklobed_lair, gammafunk_ghost_spectres,
          uniq_grum
D:9:      layout_roguey [special_room_orc], nicolae_ru_the_path_less_chosen,
          enter_bailey_6
Bailey:   bailey_axe_bossmonster_kennysheep, bailey

Skill      XL: |  1  2  3  4  5  6  7  8  9 10 |
---------------+-------------------------------+-----
Invocations    | 1 2 3 4 5 |  5.9
Long Blades    | 1 2 3 4 5 |  5.3
Axes           | 1 2 3 4 5 |  5.3
Maces & Flails | 1 2 3 4 5 |  5.3
Polearms       | 1 2 3 4 5 |  5.3
Staves         | 1 2 3 4 5 |  5.3
Slings         | 1 2 3 4 5 |  5.3
Bows           | 1 2 3 4 5 |  5.3
Crossbows      | 1 2 3 4 5 |  5.3
Throwing       | 1 2 3 4 5 |  5.3
Stealth        | 1 2 3 4 5 |  5.3
Shields        | 1 2 3 4 5 |  5.3
Unarmed Combat | 1 2 3 4 5 |  5.3
Spellcasting   | 1 2 3 4 5 |  5.3
Evocations     | 1 2 3 4 5 |  5.3
Conjurations   | 1 2 3 4 |  4.4
Hexes          | 1 2 3 4 |  4.4
Charms         | 1 2 3 4 |  4.4
Summonings     | 1 2 3 4 |  4.4
Necromancy     | 1 2 3 4 |  4.4
Translocations | 1 2 3 4 |  4.4
Transmutations | 1 2 3 4 |  4.4
Fire Magic     | 1 2 3 4 |  4.4
Ice Magic      | 1 2 3 4 |  4.4
Air Magic      | 1 2 3 4 |  4.4
Earth Magic    | 1 2 3 4 |  4.4
Poison Magic   | 1 2 3 4 |  4.4
Dodging        | 3 4 5 6 |  6.0
Armour         | 5 6 7 |  7.1
Fighting       | 7 8 |  8.5
Short Blades   | 7 8 |  8.5

Action                   |  1- 3 |  4- 6 |  7- 9 | 10-12 || total
-------------------------+-------+-------+-------+-------++-------
Melee: Short sword       |    98 |   267 |   415 |   201 ||   981
       Bite              |     6 |    22 |    66 |    23 ||   117
       Punch             |     1 |     1 |     8 |     3 ||    13
       Headbutt          |       |    24 |    86 |    43 ||   153
       Kick              |       |    12 |   168 |    60 ||   240
 Fire: Hunting sling     |       |       |       |    51 ||    51
Evoke: Wand              |       |       |     5 |    12 ||    17
  Use: Scroll            |       |    13 |     4 |     2 ||    19
       Potion            |       |       |     2 |     1 ||     3
 Stab: Distracted        |     1 |       |     1 |       ||     2
       Sleeping          |     1 |       |       |       ||     1
       Confused          |       |       |     1 |       ||     1
  Eat: Chunk             |       |     6 |    12 |     5 ||    23
Armor: Leather armour    |    23 |       |       |       ||    23
       Plate armour      |     7 |   190 |   202 |   131 ||   530
       Skin              |       |       |       |    46 ||    46
Dodge: Dodged            |    41 |    72 |   110 |    88 ||   311

Table legend:
 A = Non-vault XP
 B = Vault XP
 C = Vault XP percentage of total XP
 D = Non-vault monster count
 E = Vault monster count
 F = Vault count percentage of total count
                 A         B        C        D         E       F
            +---------+---------+-------+---------+---------+-------
      Total |    5623 |    1926 |  25.5 |     196 |      44 |  18.3
            +---------+---------+-------+---------+---------+-------
        D:1 |      48 |       4 |   7.7 |      24 |       3 |  11.1
        D:2 |     100 |      36 |  26.5 |      33 |       1 |   2.9
        D:3 |      84 |     166 |  66.4 |      24 |      16 |  40.0
        D:4 |     398 |     516 |  56.5 |      11 |       3 |  21.4
        D:5 |     426 |     157 |  26.9 |      16 |       1 |   5.9
        D:6 |    1470 |     480 |  24.6 |      22 |      12 |  35.3
        D:7 |     663 |      97 |  12.8 |      21 |       1 |   4.5
        D:8 |    1700 |     467 |  21.6 |      36 |       4 |  10.0
        D:9 |     734 |       0 |   0.0 |       9 |       0 |   0.0
     Bailey |       0 |       3 | 100.0 |       0 |       3 | 100.0
            +---------+---------+-------+---------+---------+-------
